 Dungeon Crawl Stone Soup version 0.20.1-1-g8b1a95d (webtiles) character file.

4 tidbits the Insei (level 1, 0/15 HPs)
             Began as a Demigod Transmuter on Aug 19, 2017.
             Killed from afar by a dart slug (7 damage)
             ... with a slug dart
             ... on level 1 of the Dungeon.
             The game lasted 00:01:10 (138 turns).

tidbits the Insei (Demigod Transmuter)               Turns: 138, Time: 00:01:11

Health: 0/15       AC:  2    Str: 13    XL:     1   Next: 40%
Magic:  4/5        EV: 12    Int: 17    God:
Gold:   10         SH:  0    Dex: 16    Spells: 2/3 levels left

rFire    . . .     SeeInvis .     - Unarmed
rCold    . . .     Gourm    .   (no shield)
rNeg     . . .     Faith    .   b - +0 robe
rPois    .         Spirit   .   (no helmet)
rElec    .         Reflect  .   (no cloak)
rCorr    .         Harm     .   (no gloves)
MR       .....                  (no boots)
Stlth    +.........             (no amulet)
Regen    0.1/turn               (no ring)
MPRegen  0.1/turn               (no ring)

@: appendage
A: horns 2, high mp 1
a: End Transformation


You were on level 1 of the Dungeon.
You were not hungry.
You had grown temporary horns.
You visited 1 branch of the dungeon, and saw 1 of its levels.

You collected 10 gold pieces.

Inventory:

Missiles
 a - 27 arrows
Armour
 b - a +0 robe (worn)
Scrolls
 e - a scroll of immolation {unknown}
 f - 2 scrolls of identify {unknown}
 g - a scroll of teleportation {unknown}
Books
 c - a book of Changes

   Spells                             Type                      Level
   a - Beastly Appendage              Transmutation                1
   b - Sticks to Snakes               Transmutation                2
   c - Spider Form                    Transmutation/Poison         3
   d - Ice Form                       Ice/Transmutation            4
   e - Blade Hands                    Transmutation                5
Comestibles
 d - a bread ration


   Skills:
 - Level 0.8 Fighting
 - Level 1.7 Dodging
 + Level 3.0 Unarmed Combat
 - Level 1.7 Spellcasting
 - Level 1.7 Transmutations


You had 2 spell levels left.
You knew the following spells:

 Your Spells              Type           Power        Failure   Level  Hunger
e - Beastly Appendage     Tmut           #.....       10%         1    #......


Dungeon Overview and Level Annotations

Branches:
Dungeon (1/15)


Innate Abilities, Weirdness & Mutations

You have an increased reservoir of magic. (+10% MP)
You have a pair of horns on your head.


Message History

The frilled lizard bites you but does no damage.
You closely miss the frilled lizard. You hit the frilled lizard.
You kill the frilled lizard!
Your transformation is almost over.
You now have 10 gold pieces.
There is an open door here.
Your horns disappear.
Casting: Beastly Appendage
Confirm with . or Enter, or press ? or * to list all spells.
You grow a pair of large bovine horns.
You open the door.
A rat comes into view.
Found a scroll labeled HUCROESERPH.
There is an open door here.
The helpless rat fails to defend itself.
You hit the rat.
You kill the rat!
There is a fountain of clear blue water here.
f - a scroll labeled HUCROESERPH Your transformation is almost over.
You open the door.
Found 22 stones.
Found 15 arrows.
There is an open door here.
A rat comes into view.
A frilled lizard comes into view.
Casting: Beastly Appendage
Confirm with . or Enter, or press ? or * to list all spells.
You extend your transformation's duration.
You barely miss the rat. Your headbutt misses the rat.
The rat closely misses you.
You hit the rat but do no damage.
Your transformation is almost over.
The rat closely misses you.
You completely miss the rat. The rat bites you.
You hit the rat.
The rat is severely wounded.
The rat twitches its whiskers.
The rat misses you.
You hit the rat but do no damage.
The rat is severely wounded.
The rat bites you but does no damage.
You hit the rat but do no damage.
The rat is severely wounded.
The rat barely misses you.
Casting: Beastly Appendage
Confirm with . or Enter, or press ? or * to list all spells.
You extend your transformation's duration.
The rat misses you.
You hit the rat.
You kill the rat!
You hit the frilled lizard.
You kill the frilled lizard!
Your transformation is almost over.
A rat and a dart slug come into view.
Your horns disappear.
You see here 15 arrows.
a - 27 arrows (gained 15)
The dart slug launches a dart at you. The slug dart misses you.
You see here 22 stones.
A hobgoblin comes into view.
Found a scroll labeled DIRIDUPRAA.
g - a scroll labeled DIRIDUPRAA
Found a scroll labeled HUCROESERPH.
Found an orange potion.
f - 2 scrolls labeled HUCROESERPH (gained 1)
A bat comes into view.
Casting: Beastly Appendage
Confirm with . or Enter, or press ? or * to list all spells.
You grow a pair of large bovine horns.
You closely miss the bat. The bat closely misses you.
The bat closely misses you.
You barely miss the bat. Your punch misses the bat. The bat misses you.
The bat closely misses you.
You closely miss the bat. The bat hits you but does no damage.
You closely miss the bat. The bat hits you.
You hit the bat.
The bat is severely wounded.
The bat hits you.
You closely miss the bat. Your headbutt misses the bat.
The bat is severely wounded.
The bat hits you. The bat hits you but does no damage.
You hit the bat.
You kill the bat!
Your Unarmed Combat skill increases to level 3!
Your transformation is almost over.
Found 9 gold pieces.
Casting: Beastly Appendage
Confirm with . or Enter, or press ? or * to list all spells.
You extend your transformation's duration.
The dart slug launches a dart at you. The slug dart hits you!
* * * LOW HITPOINT WARNING * * *
You hit the dart slug.
The dart slug is moderately wounded.
The dart slug launches a dart at you. The slug dart hits you!
You die...

### ### # #.###.# #
#.....# #
#.##..######## #
#.#........... #
#.#################
#..................
#.@w....###########
#.#####.# ## #.#
#.# g.. #.# #.#
..... #.# #.# #.
.#### #.# ##.###.
.#... ... .......
.#.⌠. !.$ .......
.#...
#......##.+...


You could see a dart slug.

Vanquished Creatures
  A bat (D:1)
  2 frilled lizards (D:1)
  2 rats (D:1)
5 creatures vanquished.

Notes
Turn   | Place    | Note
-------+----------+-------------------------------------------
     0 | D:1      | tidbits the Demigod Transmuter began the quest for the Orb.
     0 | D:1      | Reached XP level 1. HP: 15/15 MP: 5/5
   128 | D:1      | Reached skill level 3 in Unarmed Combat
   138 | D:1      | Killed from afar by a dart slug

Skill      XL: |  1 |
---------------+----+-----
Unarmed Combat | 3 |  3.0
Fighting       | |  0.8
Dodging        | |  1.7
Spellcasting   | |  1.7
Transmutations | |  1.7

Action                   || total
-------------------------++-------
Melee: Unarmed           ||    19
 Cast: Beastly Appendage ||     6
 Stab: Sleeping          ||     1
Armor: Robe              ||     4
Dodge: Dodged            ||    10

Table legend:
 A = Turns spent in this place as a percentage of turns spent in the entire game.
 B = Non-inter-level travel turns spent in this place as a percentage of non-inter-level travel turns spent in the entire game.
 C = Inter-level travel turns spent in this place as a percentage of turns spent in this place.
 D = Turns resting spent in this place as a percentage of non-inter-level travel turns spent in this place.
 E = Turns spent auto-exploring this place as a percentage of non-inter-level travel turns spent in this place.
 F = Non-inter-level travel turns spent in this place divided by the number of levels of this place that you've seen.
                   A       B       C       D       E      F
               +-------+-------+-------+-------+-------+----------------------
         Total | 100.0 | 100.0 |   0.0 |   0.0 |   0.0 | 134.0
       Dungeon | 100.0 | 100.0 |   0.0 |   0.0 |   0.0 | 134.0
               +-------+-------+-------+-------+-------+----------------------

Table legend:
 A = Kills in this place as a percentage of kills in entire the game.
 B = Kills by you in this place as a percentage of kills by you in the entire game.
 C = Kills by friends in this place as a percentage of kills by friends in the entire game.
 D = Other kills in this place as a percentage of other kills in the entire game.
 E = Experience gained in this place as a percentage of experience gained in the entire game.
 F = Experience gained in this place divided by the number of levels of this place that you have seen.
                   A       B       C       D       E      F
               +-------+-------+-------+-------+-------+----------------------
         Total | 100.0 | 100.0 |  -nan |  -nan | 100.0 |   6.0
       Dungeon | 100.0 | 100.0 |  -nan |  -nan | 100.0 |   6.0
               +-------+-------+-------+-------+-------+----------------------

Vault maps used:
D:1:      dpeg_arrival_rooms_b, minmay_fountain_box
